 Dungeon Crawl Stone Soup version 0.23.1 (webtiles) character file.

Game seed: 17821028397854750871

2547 Andrea the Destroyer (level 9, -2/45 HPs)
             Began as a Deep Elf Fire Elementalist on Mar 12, 2019.
             Was an Initiate of Vehumet.
             Slain by Joseph
             ... wielding a +1 quarterstaff of holy wrath
              (15 damage)
             ... on level 8 of the Dungeon.
             The game lasted 00:19:31 (7730 turns).

Andrea the Destroyer (Deep Elf Fire Elementalist)   Turns: 7730, Time: 00:19:32

Health: -2/45      AC:  5    Str:  8    XL:     9   Next: 30%
Magic:  4/23       EV: 13    Int: 21    God:    Vehumet [......]
Gold:   439        SH:  0    Dex: 19    Spells: 9/24 levels left

rFire    + . .     SeeInvis .   s - +2 falchion (protect)
rCold    . . .     Gourm    .   (no shield)
rNeg     . . .     Faith    .   v - +2 robe of the Cockatrice {rElec Dex+4}
rPois    .         Spirit   .   (no helmet)
rElec    +         Reflect  .   w - +0 cloak
rCorr    .         Harm     .   (no gloves)
MR       .....                  (no boots)
Stlth    ++........             y - amulet of magic regeneration
HPRegen  0.15/turn              f - ring of protection from fire
MPRegen  0.43/turn              (no ring)

@: no status effects
A: no striking features
a: Renounce Religion


You were on level 8 of the Dungeon.
You worshipped Vehumet.
Vehumet was noncommittal.
You were not hungry.

You visited 2 branches of the dungeon, and saw 9 of its levels.

You collected 439 gold pieces.

Inventory:

Hand Weapons
 b - a +0 dagger
 q - a +0 short sword
 s - a +2 falchion of protection (weapon)
Armour
 v - the +2 robe of the Cockatrice (worn) {rElec Dex+4}
   (You found it on level 5 of the Dungeon)

   It affects your dexterity (+4).
   It insulates you from electricity.
 w - a +0 cloak (worn)
Jewellery
 f - a ring of protection from fire (left hand)
 y - an amulet of magic regeneration (around neck)
Wands
 a - a wand of scattershot (6)
 m - a wand of iceblast (10)
 n - a wand of paralysis (8)
 A - a wand of digging (7)
 E - a wand of polymorph (9)
Scrolls
 d - a scroll of enchant weapon {unknown}
 h - 2 scrolls of fog
 j - 2 scrolls of immolation
 k - 3 scrolls of teleportation {unknown}
 o - 2 scrolls of noise {unknown}
 p - 2 scrolls of amnesia {unknown}
 r - a scroll of fear {unknown}
 t - a scroll of remove curse {unknown}
 z - 2 scrolls of random uselessness {unknown}
 C - a scroll of enchant armour {unknown}
Potions
 e - a potion of berserk rage
 g - 4 potions of flight
 l - 7 potions of curing
 u - 3 potions of might
 x - a potion of haste
 B - a potion of heal wounds
 F - a potion of lignification {unknown}
Comestibles
 c - 13 rations
 i - 9 chunks of flesh


   Skills:
 - Level 2.4 Dodging
 - Level 2.4 Stealth
 + Level 8.2 Spellcasting
 * Level 9.1 Conjurations
 * Level 9.0 Fire Magic


You had 9 spell levels left.
You knew the following spells:

 Your Spells              Type           Power        Failure   Level  Hunger
a - Flame Tongue          Conj/Fire      #####        1%          1    None
b - Throw Flame           Conj/Fire      #####.       1%          2    None
c - Conjure Flame         Conj/Fire      #####...     1%          3    None
d - Sticky Flame          Conj/Fire      #####...     1%          4    ###....
e - Fireball              Conj/Fire      #####.....   5%          5    #####..

Your spell library contained the following spells:

 Spells                   Type           Power        Failure   Level  Hunger
 Shock                    Conj/Air       ####         1%          1    None
 Inner Flame              Hex/Fire       ####....     3%          3    None
 Static Discharge         Conj/Air       ####....     3%          3    None
 Summon Small Mammal      Summ           #...         8%          1    None
 Call Imp                 Summ           #.......     12%         2    None
 Swiftness                Chrm/Air       #.......     12%         2    None
 Call Canine Familiar     Summ           #.......     24%         3    None
 Summon Guardian Golem    Hex/Summ       #.......     24%         3    None
 Lightning Bolt           Conj/Air       ####......   32%         5    #####..
 Airstrike                Air            #.........   61%         4    ###....
 Summon Ice Beast         Ice/Summ       #.......     61%         4    ###....
 Summon Lightning Spire   Summ/Air       #.......     61%         4    ###....


Dungeon Overview and Level Annotations

Branches:
Dungeon (8/15)             Temple (1/1) D:6
   Lair: D:8-11

Altars:
Ashenzari
Cheibriados
Dithmenos
Elyvilon
Fedhas
Gozag
Hepliaklqana
Kikubaaqudgha
Makhleb
Nemelex Xobeh
Okawaru
Qazlal
Ru
Sif Muna
Trog
Uskayaw
Vehumet
Wu Jian
Xom
Yredelemnul
Zin
The Shining One

Shops:
D:6 [

Annotations:
D:3 3 runed translucent doors, Skull's ghost, amateur DrAE
D:8 Joseph


Message History

Joseph burns!
Joseph hits you with a +1 quarterstaff of holy wrath!
Casting: Throw Flame (safe; 1% risk of failure)
Confirm with . or Enter, or press ? or * to list all spells.
Aiming: Throw Flame (safe; 1% risk of failure)
Press: ? - help, Shift-Dir - straight line, f/p - Joseph
Aim: Joseph, wielding a +1 quarterstaff of holy wrath and wearing a +0 ring mail (severely wounded, covered in liquid flames)
The puff of flame misses Joseph.
Joseph burns!
Joseph hits you with a +1 quarterstaff of holy wrath.
* * * LOW HITPOINT WARNING * * *
Casting: Throw Flame (safe; 1% risk of failure)
Confirm with . or Enter, or press ? or * to list all spells.
Aiming: Throw Flame (safe; 1% risk of failure)
Press: ? - help, Shift-Dir - straight line, f/p - Joseph
Aim: Joseph, wielding a +1 quarterstaff of holy wrath and wearing a +0 ring mail (almost dead, covered in liquid flames)
The puff of flame hits Joseph but does no damage.
Joseph is almost dead.
Joseph burns!
Joseph hits you with a +1 quarterstaff of holy wrath!
You die...

### #.. #.###. #....
#######..## #
.........<########
#.#####.#.<........#
#..........#รท#####.#
#...........@.......
#.####.#)).#@#......
#.# ##..#..##.###.#
##.####.......#.#
#..##...#####...
#..##.#...#...#...
#..##.###.#.###..#
#..##.###...# .#
#........!.##


You could see Joseph (burning).

Vanquished Creatures
  A hippogriff (D:7)
  2 hungry ghosts
  A sky beast (D:7)
  An ice beast (D:8)
  A phantom (D:5)
  7 ogres
  Blork the orc (D:6)
  4 bullfrogs
  2 scorpions (D:5)
  4 crimson imps
  A jelly (D:6)
  3 orc priests
  4 orc wizards
  2 hounds
  4 iguanas
  3 worker ants
  A hound skeleton (D:5)
  A gnoll (D:1)
  7 adders
  3 shadow imps
  2 oozes
  An adder zombie (D:7)
  An adder skeleton (D:8)
  3 worms
  5 leopard geckos
  18 orcs
  6 giant cockroaches
  6 goblins
  4 hobgoblins
  7 jackals
  3 quokkas
  A ball python (D:1)
  6 bats
  2 frilled lizards (D:3)
  A giant cockroach zombie (D:6)
  9 kobolds
  A leopard gecko skeleton (D:4)
  A quokka skeleton (D:5)
  8 rats
138 creatures vanquished.

Notes
Turn   | Place    | Note
-------+----------+-------------------------------------------
     0 | D:1      | Andrea the Deep Elf Fire Elementalist began the quest for
                  | the Orb.
     0 | D:1      | Reached XP level 1. HP: 10/10 MP: 6/6
   157 | D:1      | Reached XP level 2. HP: 13/15 MP: 1/8
   282 | D:1      | Learned a level 2 spell: Throw Flame
   594 | D:1      | Reached XP level 3. HP: 19/19 MP: 6/10
  1499 | D:2      | Learned a level 3 spell: Conjure Flame
  1700 | D:2      | Reached XP level 4. HP: 14/24 MP: 1/12
  2189 | D:3      | Found a runed translucent gate.
  2189 | D:3      | Found a runed translucent gate.
  2189 | D:3      | Found a runed translucent gate.
  2200 | D:3      | Noticed Skull's ghost (amateur DrAE)
  2573 | D:3      | Reached XP level 5. HP: 25/28 MP: 4/13
  2582 | D:3      | Learned a level 4 spell: Sticky Flame
  3087 | D:4      | Noticed an ogre
  3096 | D:4      | Killed an ogre
  3168 | D:4      | Noticed an ogre
  3173 | D:4      | Killed an ogre
  3173 | D:4      | Reached skill level 5 in Spellcasting
  3173 | D:4      | Reached XP level 6. HP: 32/32 MP: 8/15
  3225 | D:4      | Learned a level 5 spell: Fireball
  3295 | D:4      | Reached skill level 5 in Conjurations
  3295 | D:4      | Reached skill level 5 in Fire Magic
  3782 | D:5      | Entered Level 5 of the Dungeon
  3803 | D:5      | Reached XP level 7. HP: 11/36 MP: 9/17
  4167 | D:5      | Got a sheer robe
  4178 | D:5      | Identified the +2 robe of the Cockatrice {rElec Dex+4} (You
                  | found it on level 5 of the Dungeon)
  5517 | D:6      | Reached XP level 8. HP: 38/41 MP: 14/19
  5816 | D:6      | Found a staircase to the Ecumenical Temple.
  5825 | Temple   | Entered the Ecumenical Temple
  5924 | Temple   | Became a worshipper of Vehumet
  6253 | D:6      | Noticed Blork the orc
  6262 | D:6      | Killed Blork the orc
  6361 | D:6      | Found Vaiwogom's Armour Boutique.
  6700 | D:6      | Found a white marble altar of Elyvilon.
  6855 | D:7      | Noticed a hippogriff
  6865 | D:7      | Killed a hippogriff
  7328 | D:7      | Reached XP level 9. HP: 44/45 MP: 22/22
  7721 | D:8      | Noticed Joseph
  7730 | D:8      | Slain by Joseph

Skill      XL: |  1  2  3  4  5  6  7  8  9 |
---------------+----------------------------+-----
Conjurations   | 2 3 4 5 6 8 9 |  9.1
Spellcasting   | 4 5 6 7 8 |  8.2
Fire Magic     | 4 5 6 8 9 |  9.0
Dodging        | |  2.4
Stealth        | |  2.4

Action                   |  1- 3 |  4- 6 |  7- 9 || total
-------------------------+-------+-------+-------++-------
Melee: Dagger            |    14 |    10 |       ||    24
       Short sword       |       |    22 |       ||    22
       Falchion          |       |       |   235 ||   235
 Cast: Flame Tongue      |    55 |    83 |   113 ||   251
       Throw Flame       |    18 |    15 |    56 ||    89
       Conjure Flame     |       |     1 |     3 ||     4
       Sticky Flame      |       |     1 |     9 ||    10
Evoke: Wand              |       |       |     1 ||     1
  Use: Scroll            |       |     3 |     6 ||     9
 Stab: Sleeping          |       |       |     1 ||     1
  Eat: Chunk             |     3 |     7 |    13 ||    23
       Ration            |       |       |     1 ||     1
Armor: Robe              |     5 |     5 |    91 ||   101
Dodge: Dodged            |    38 |    43 |   187 ||   268
       Rpst.: Falchion   |       |       |    63 ||    63
